Cogmind - Beta 12 @@@ ROGUE MODE // 2023.06.24 @ 19:25:40 Player: Shadow Pussy wanter Result: Destroyed by Q787-a with Multirail Performance ------------- Evolutions (9) 4500 Regions Visited (18) 3600 Robots Destroyed (143) 715 Value Destroyed (7193) 7193 Prototype IDs (49) 980 Alien Tech Used (1) 200 Bonus (3453) 3453 TOTAL SCORE: 20641 Bonus ------- High Alert Combat Kills 153 Follower Combat Kills 408 Aligned with FarCom 300 Met Data Miner 300 Scanned by Researcher 500 Met Sigix 2000 Friendly Fire -208 Cogmind --------- Core Integrity 0/1600 Matter 300/300 Energy 100/100 System Corruption 5% Temperature Cool (0) Movement Core (50) Location -1/Access Parts ------- > --- POWER (2) -------- (None) > --- PROPULSION (10) -- (None) > --- UTILITY (10) ----- (None) > --- WEAPON (3) ------- (None) > --- INVENTORY (5) ---- Sigix Containment Pod Peak State ------------ > --- POWER ------------ Particle Reactor Quantum Reactor > --- PROPULSION ------- Improved Antigrav System Improved Linear Gravjet Antigrav Array Antigrav Array Antigrav Array > --- UTILITY ---------- Improved Cooling System High-capacity Storage Unit Advanced Signal Interpreter Advanced Terrain Scan Processor Improved Target Analyzer Core Analyzer Advanced Transmission Jammer Centrium Light Armor Plating Experimental Hacking Suite System Shield > --- WEAPON ----------- Latent Energy Streamer Molecular Scythe Lance > --- INVENTORY -------- Micro Fission Core Antigrav System Compact Matter Pod Matter Compressor Advanced Field Recycling Unit Subatomic Replicator Enhanced Quantum Rifle Compact HERF Cannon Enhanced Nova Cannon KE Penetrator KE Penetrator Heavy Mass Driver Heavy Gauss Cannon Linear Accelerator Fusion Bomb Launcher Field Lobotomy Kit Sigix Containment Pod [Rating: 167] Favorites ----------- Power Light Angular Momentum Engine Engine Light Angular Momentum Engine Power Core Micro Fission Core Reactor Particle Reactor Propulsion Light Treads Treads Light Treads Leg Advanced VSS Leg Wheel Centrium Wheel Hover Unit Improved Antigrav System Flight Unit Field Propulsion Array Utility High-capacity Storage Unit Device Improved Sensor Array Storage High-capacity Storage Unit Processor Improved Signal Interpreter Hackware Hacking Suite Protection Light Armor Plating Weapon Enhanced Autogun Energy Gun Improved Arc Projector Energy Cannon Compact Ion Cannon Ballistic Gun Enhanced Autogun Ballistic Cannon Heavy Gauss Cannon Launcher Fusion Bomb Launcher Special Weapon Field Lobotomy Kit Slashing Weapon Molecular Scythe Piercing Weapon Lance Build | -11 -10 -10 -10 -9 -8 -7 -7 -7 -7 -6 -6 -5 -4 -3 -3 -2 -2 -1 ------- Run | Jun Mat Min Exi Min Mat Fac Low Low Dat Pro Fac Fac Fac Res Qua Res Tes Acc Slots Evolved 18 | . . . . . 4 2 . . . . 2 2 2 2 . 2 . 2 Power 1 | . . . . . . . . . . . . . 1 . . . . . Propulsion 8 | . . . . . 2 . . . . . . 2 . . . 2 . 2 Utility 8 | . . . . . 2 2 . . . . 2 . . 2 . . . . Weapon 1 | . . . . . . . . . . . . . 1 . . . . . Parts Attached 282 | 7 2 . 1 . 19 40 7 5 5 2 34 29 39 20 25 11 9 27 Power 19 | 1 . . . . 2 2 . . . . 3 3 1 2 1 2 . 2 Engine 10 | 1 . . . . 2 2 . . . . 2 3 . . . . . . Core 3 | . . . . . . . . . . . . . 1 1 . 1 . . Reactor 6 | . . . . . . . . . . . 1 . . 1 1 1 . 2 Propulsion 71 | 2 . . . . 9 8 . 2 . . 3 3 7 9 13 3 1 11 Treads 38 | 2 . . . . 9 8 . 2 . . 3 3 2 3 . . . 6 Leg 3 | . . . . . . . . . . . . . . . 2 . . 1 Wheel 7 | . . . . . . . . . . . . . 4 3 . . . . Hover 19 | . . . . . . . . . . . . . 1 3 11 3 1 . Flight 4 | . . . . . . . . . . . . . . . . . . 4 Utility 130 | 2 2 . 1 . 4 23 4 2 2 1 21 16 22 8 8 4 4 6 Device 60 | 1 . . . . . 8 2 2 . 1 10 7 14 6 5 1 . 3 Storage 7 | 1 1 . 1 . . . . . . . . . 1 . 1 . . 2 Processor 12 | . . . . . 1 2 . . . . 1 2 . 1 . 1 3 1 Hackware 7 | . . . . . . 1 . . . . 3 1 . 1 . 1 . . Protection 44 | . 1 . . . 3 12 2 . 2 . 7 6 7 . 2 1 1 . Artifact . | . . . . . . . . . . . . . . . . . . . Weapon 62 | 2 . . . . 4 7 3 1 3 1 7 7 9 1 3 2 4 8 Energy Gun 4 | . . . . . . . . . . . 1 . . . . . . 3 Energy Cannon 9 | . . . . . . . . . . . . 2 1 . . . 3 3 Ballistic Gun 28 | 2 . . . . 4 4 2 . 2 . 4 4 5 . . . . 1 Ballistic Cannon 4 | . . . . . . . . . . . 1 1 . 1 . . . 1 Launcher 5 | . . . . . . . . . . . . . 2 . 1 1 1 . Special Weapon 2 | . . . . . . 1 . . . . . . . . 1 . . . Impact Weapon . | . . . . . . . . . . . . . . . . . . . Slashing Weapon 9 | . . . . . . 2 1 1 1 1 1 . 1 . 1 . . . Piercing Weapon 1 | . . . . . . . . . . . . . . . . 1 . . Special Melee Weapon . | . . . . . . . . . . . . . . . . . . . Unidentified Prototypes 13 | . . . . . 1 . . . . . 1 2 1 1 2 1 1 3 Corrupted Parts 3 | . . . . . . . . . . . . . 2 . . . . 1 System Corruption 12 | . . . . . . . . . . . . . 9 . . . . 3 Parts Lost 76 | . . . . . 1 4 . 1 . . 3 2 18 2 11 1 13 20 Power 7 | . . . . . . . . . . . 1 . 1 1 1 . 1 2 Propulsion 31 | . . . . . . 2 . 1 . . . 1 8 1 6 . 5 7 Utility 24 | . . . . . 1 1 . . . . 1 1 6 . 4 . 5 5 Weapon 14 | . . . . . . 1 . . . . 1 . 3 . . 1 2 6 Highest Loss Streak 19 | . . . . . 1 3 . 1 . . 1 1 10 2 3 1 11 19 To Critical Strikes 1 | . . . . . . . . . . . . . 1 . . . . . Average Slot Usage (%) 92 | . 100 100 100 100 95 98 100 99 86 100 99 99 90 96 94 80 65 38 Engine 5 | . 14 14 14 14 9 6 7 7 7 7 5 5 5 2 . . . . Reactor 1 | . . . . . . . . . . . . . . 1 7 7 5 2 Treads 23 | . 28 28 28 28 34 29 30 29 30 30 25 34 15 4 . . . 15 Wheel 1 | . . . . . . . . . . . . . 8 11 2 . . . Hover 2 | . . . . . . . . . . . . . . 8 19 20 14 . Device 9 | . 12 . . . . 8 13 13 15 6 16 12 10 16 12 7 5 5 Storage 6 | . 14 14 14 14 9 7 7 7 7 7 6 5 5 4 4 4 3 . Processor 15 | . . . . . 8 20 23 23 23 23 20 16 15 16 17 16 14 1 Hackware 3 | . . . . . . . . . . . 5 7 7 9 8 4 6 . Protection 4 | . 2 14 14 14 16 8 1 1 . 7 3 1 1 . 1 3 2 . Ballistic Gun 10 | . 28 28 28 28 18 10 15 13 . 10 6 8 10 3 . . . 3 Slashing Weapon 2 | . . . . . . 2 . 1 . 4 4 . 1 4 7 6 3 . Naked Turns 67 | . . . . . . . . . . . . . . . . . 42 25 Heaviest Build 106 | 14 31 31 51 51 61 71 69 69 69 69 80 82 92 77 106 104 103 59 Greatest Support 296 | 40 40 40 40 40 80 88 88 80 80 80 80 123 123 48 76 102 100 296 Greatest Overweight (x) 15 | 4 . . 1 1 1 1 . 1 . . . . 4 2 5 1 15 1 Average Overweight (x) . | . . . . 1 . . . . . . . . . 1 1 . . . Largest Inventory Capacity 20 | 8 15 15 20 20 20 20 20 20 20 20 20 20 20 20 20 20 20 5 Average Capacity 18 | 7 11 15 15 20 20 20 20 20 20 20 20 20 20 20 20 20 18 5 Most Carried 20 | 7 13 13 16 17 20 20 20 20 19 20 20 20 20 20 20 20 20 5 Average Carried 17 | 4 8 13 14 16 19 19 20 19 19 19 19 19 16 19 19 19 17 4 Final Capacity 20 | 8 15 15 20 20 20 20 20 20 20 20 20 20 20 20 20 20 5 5 Final Carried 20 | 7 13 13 16 17 20 20 20 19 19 20 20 20 20 20 20 20 5 2 Class Distribution -------------------- 30% | Scavenger-Mutant 21% | Scavenger-Skirmisher 19% | Mutant 19% | Scavenger-Assassin 3% | Scavenger-Tank Dominant Class ---------------- Mutant | -10/Materials Mutant | -10/Mines Mutant | -10/Exiles Mutant | -9/Mines Scavenger-Mutant | -8/Materials Scavenger-Mutant | -7/Factory Scavenger-Skirmisher | -7/Lower Caves Scavenger-Skirmisher | -7/Lower Caves Scavenger-Mutant | -7/Data Miner Scavenger-Mutant | -6/Proximity Caves Scavenger-Assassin | -6/Factory Scavenger-Skirmisher | -5/Factory Scavenger-Skirmisher | -4/Factory Scavenger-Assassin | -3/Research Scavenger-Assassin | -3/Quarantine Mutant | -2/Research Hacker-Mutant | -2/Testing Mutant | -1/Access Resources | -11 -10 -10 -10 -9 -8 -7 -7 -7 -7 -6 -6 -5 -4 -3 -3 -2 -2 -1 ----------- Run | Jun Mat Min Exi Min Mat Fac Low Low Dat Pro Fac Fac Fac Res Qua Res Tes Acc Matter Collected 5571 | 237 144 44 . . 683 758 168 130 . 110 258 503 963 212 287 50 328 696 Remotely . | . . . . . . . . . . . . . . . . . . . Salvage Created 7478 | 42 200 90 . . 679 1009 57 . . . 517 503 1775 216 571 50 965 804 Parts 405 | 9 17 2 . . 48 44 2 . . . 25 31 95 16 47 1 41 27 Haulers Intercepted 4 | . 2 . . . 2 . . . . . . . . . . . . . Recyclers Shooed 6 | 1 . . . . 1 . . . . . 1 2 1 . . . . . Parts Field Recycled 6 | . . . . . . . . . . . . . . . 6 . . . Retrieved Matter 99 | . . . . . . . . . . . . . . . 99 . . . Parts Self-Destructed 10 | . . . . . . . 10 . . . . . . . . . . . Prevented . | . . . . . . . . . . . . . . . . . . . Kills | -11 -10 -10 -10 -9 -8 -7 -7 -7 -7 -6 -6 -5 -4 -3 -3 -2 -2 -1 ------- Run | Jun Mat Min Exi Min Mat Fac Low Low Dat Pro Fac Fac Fac Res Qua Res Tes Acc Combat Hostiles Destroyed 106 | . 2 2 . . 10 18 2 . . . 8 8 24 3 10 . 8 11 Melee 23 | . . . . . . 4 . . . . 7 . . 3 8 . 1 . Guns 57 | . 2 2 . . 10 14 2 . . . 1 7 15 . . . . 4 Cannons 7 | . . . . . . . . . . . . 1 . . . . . 6 AOE 14 | . . . . . . . . . . . . . 6 . 2 . 6 . Classes Destroyed 16 | 1 4 . . . 4 3 . . . . . . 2 . . . 1 1 Worker 7 | . 1 . . . 2 2 . . . . . . 1 . 1 . . . Builder 6 | . . . . . . . . . . . . . 2 . . . 4 . Tunneler 3 | 2 1 . . . . . . . . . . . . . . . . . Hauler 4 | . 2 . . . 2 . . . . . . . . . . . . . Recycler 4 | . . . . . . 1 . . . . . . 2 . . . 1 . Operator 3 | . 1 . . . . . . . . . 2 . . . . . . . Watcher 9 | . . . . . 2 . . . . . . . 2 . . 1 1 3 Swarmer 11 | . . . . . 1 3 1 . . . . . 6 . . . . . Grunt 42 | . 2 2 . . 3 11 1 . . . 6 3 3 . . . 3 8 Researcher 1 | . . . . . . . . . . . . . . . . . 1 . Sentry 12 | . . . . . 5 2 . . . . 1 1 1 1 . . . 1 Specialist 3 | . . . . . . . . . . . . . 2 . 1 . . . Hunter 11 | . . . . . 1 . . . . . . . 6 . . . 4 . Programmer 23 | . . . . . . 1 . . . . 1 4 5 2 9 . 1 . Heavy 2 | . . . . . . 1 . . . . . . 1 . . . . . Q-Series 2 | . . . . . . . . . . . . . . . . . . 2 Best Kill Streak 11 | 1 2 2 . . 5 6 1 . . . 6 2 11 1 4 1 9 5 Combat Bots Only 6 | . 2 2 . . 3 6 1 . . . 6 2 4 1 4 . 3 4 Max Kills in Single Turn 3 | 1 1 1 . . 1 1 1 . . . 1 1 3 1 2 1 2 2 Gunslinging 1 | . . . . . . . . . . . . . 1 . . . . . Exploded 3 | . . . . . . . . . . . . . 3 . 2 . 2 . Melee 1 | . . . . . . 1 . . . . 1 . . 1 1 . 1 . Uniques/NPCs Destroyed . | . . . . . . . . . . . . . . . . . . . Combat | -11 -10 -10 -10 -9 -8 -7 -7 -7 -7 -6 -6 -5 -4 -3 -3 -2 -2 -1 -------- Run | Jun Mat Min Exi Min Mat Fac Low Low Dat Pro Fac Fac Fac Res Qua Res Tes Acc Damage Taken 18377 | . 114 130 . . 550 1370 172 58 . . 979 818 3074 599 1834 199 1978 6502 Core 3294 | . . 40 . . 32 118 18 . . . 56 . 453 77 224 20 652 1604 Absorbed by Shields 367 | . . . . . . . . . . . 162 . 205 . . . . . Reduced by Siege Mode 1083 | . . . . . . . . . . . . . . . . . . 1083 Regen/Repaired (Parts) 288 | . . . . . . 152 . . . . 136 . . . . . . . Core Remaining (%) 82 | 100 . . . 84 94 . . . . 80 93 100 60 . 76 . 53 . Volleys Fired 345 | 4 21 11 . . 50 45 10 9 . . 4 42 67 . 5 . 15 62 Largest 3 | 2 2 2 . . 2 2 2 2 . . 2 2 3 . 1 . 1 2 Hottest 208 | 40 40 40 . . 50 53 50 50 . . 63 98 156 . 52 . 60 208 Shots Fired 666 | 8 42 22 . . 100 89 20 18 . . 6 68 164 . 7 . 15 107 Gun 545 | 8 42 22 . . 100 88 20 18 . . 6 45 141 . . . . 55 Cannon 101 | . . . . . . . . . . . . 23 12 . 1 . 13 52 Launcher 16 | . . . . . . . . . . . . . 11 . 3 . 2 . Special 4 | . . . . . . 1 . . . . . . . . 3 . . . Kinetic 562 | 8 42 22 . . 100 88 20 18 . . 6 48 141 . . . . 69 Thermal 66 | . . . . . . . . . . . . 20 12 . 1 . . 33 Explosive 5 | . . . . . . . . . . . . . . . 3 . 2 . Electromagnetic 29 | . . . . . . . . . . . . . 11 . . . 13 5 Robot Hit Streak 29 | 2 9 7 . . 19 12 4 5 . . 2 14 18 . 3 . 4 29 Robot Miss Streak 7 | 1 3 2 . . 5 7 2 2 . . 1 3 7 . 2 . 1 2 Penetration Max 1 | . . . . . . . . . . . . . 1 . . . . 1 Secondary Targets 5 | . . . . . . 2 . . . . . . 3 . . . . . Max Gunslinging Chain 1 | . . . . . . 1 . . . . . . 1 . . . . . Shots Hit Robots 557 | 4 27 16 . . 64 85 13 11 . . 35 40 99 15 31 4 20 93 Core Hits 291 | 4 10 5 . . 26 46 5 . . . 16 18 63 5 15 1 49 28 Critical Kills 13 | . . . . . 2 . . . . . . 2 4 . . . . 5 Critical Parts Destroyed 16 | . 1 . . . . . . . . . . 1 9 . . . . 5 Critical Strikes 50 | . 1 . . . 2 4 . . . . 5 3 14 3 4 . 1 13 Burn 1 | . . . . . . . . . . . . . . . . . . 1 Meltdown 1 | . . . . . . . . . . . . . . . . . . 1 Destroy 30 | . 1 . . . 2 . . . . . . 3 14 . . . . 10 Blast 1 | . . . . . . . . . . . . . . . . . . 1 Sever 16 | . . . . . . 4 . . . . 5 . . 3 4 . . . Impale 1 | . . . . . . . . . . . . . . . . . 1 . Melee Attacks 163 | . . . . . . 24 1 3 . 1 50 . 3 20 40 9 12 . Impact . | . . . . . . . . . . . . . . . . . . . Slashing 161 | . . . . . . 24 1 3 . 1 50 . 3 20 40 9 10 . Piercing 2 | . . . . . . . . . . . . . . . . . 2 . Sneak Attacks 8 | . . . . . . 2 . . . . 3 . . . 1 . 2 . Combat Hostiles 1 | . . . . . . . . . . . . . . . 1 . . . Follow-up Attacks 8 | . . . . . . . . . . . . . . . 6 . 2 . Damage Inflicted 19579 | 40 344 163 . . 1044 1811 237 182 . . 1344 985 3857 781 2071 222 2281 4217 Guns 7958 | 40 326 163 . . 1025 1107 237 182 . . 64 868 2678 . . . . 1268 Cannons 2963 | . . . . . . . . . . . . 101 54 . . . 78 2730 Explosions 3381 | . . . . . . . . . . . . . 1095 . 554 . 1655 77 Melee 5018 | . . . . . . 699 . . . . 1280 . . 781 1517 196 545 . Ramming 259 | . 18 . . . 19 5 . . . . . 16 30 . . 26 3 142 Kinetic 9477 | 40 326 163 . . 1025 1107 237 182 . . 64 868 2678 . . . . 2787 Thermal 1813 | . . . . . . . . . . . . 101 95 . . . 456 1161 Explosive 1296 | . . . . . . . . . . . . . 385 . 554 . 357 . Electromagnetic 1716 | . . . . . . . . . . . . . 669 . . . 920 127 Impact . | . . . . . . . . . . . . . . . . . . . Slashing 4937 | . . . . . . 699 . . . . 1280 . . 781 1517 196 464 . Piercing 81 | . . . . . . . . . . . . . . . . . 81 . Highest Corruption 26 | . . . . . . 1 1 1 1 1 1 3 10 4 19 . 26 5 Average Corruption 3 | . . . . . . 1 1 1 1 1 1 1 6 2 7 . 12 3 Corruption Purged . | . . . . . . . . . . . . . . . . . . . Corruption Blocked 35 | . . . . . . . . . . . . . . . 15 . 20 . Effects 123 | . . . . . . 12 5 6 2 5 4 10 16 7 35 . 14 7 Message Errors 28 | . . . . . . 2 2 . . 1 1 1 7 2 7 . 5 . Matter Fused 28 | . . . . . . 4 2 1 1 2 2 3 1 1 9 . 1 1 Heat Flow Errors 20 | . . . . . . 1 . 3 . . . 2 1 2 7 . 2 2 Energy Discharges 9 | . . . . . . . . 1 . . . 1 1 . 4 . . 2 Parts Rejected 1 | . . . . . . . . . . . . . . . . . 1 . Parts Fused 3 | . . . . . . . . . . . . . 2 . 1 . . . Data Loss (minor) 16 | . . . . . . 1 1 1 . 2 . . 2 2 4 . 2 1 Data Loss (major) 5 | . . . . . . 1 . . 1 . . 1 1 . 1 . . . Misfires 7 | . . . . . . 2 . . . . 1 1 1 . 2 . . . Alerts 2 | . . . . . . 1 . . . . . 1 . . . . . . Misdirections 3 | . . . . . . . . . . . . . . . . . 3 . Weapon Failures 1 | . . . . . . . . . . . . . . . . . . 1 Overload Shots . | . . . . . . . . . . . . . . . . . . . Overflow Damage 507 | . . . . . . 40 . . . . 75 . 5 20 143 55 130 39 Projectiles 39 | . . . . . . . . . . . . . . . . . . 39 Explosions 33 | . . . . . . . . . . . . . . . . . 33 . Melee 435 | . . . . . . 40 . . . . 75 . 5 20 143 55 97 . Knockbacks 24 | . . . . . . . . . . . . 1 1 . . . . 22 Impact 6 | . . . . . . . . . . . . 1 1 . . . . 4 Kinetic 17 | . . . . . . . . . . . . . . . . . . 17 Secondary 1 | . . . . . . . . . . . . . . . . . . 1 Self-Inflicted Damage 511 | . . . . . . . . . . . . . 293 . 93 13 79 33 Shots 7 | . . . . . . . . . . . . . 5 . 1 . 1 . Rammed 69 | . 2 . . . 2 . . . . . . 1 1 . . 1 1 61 Targets Rammed 73 | . 3 . . . 4 1 . . . . . 1 1 . . 1 1 61 Kicked . | . . . . . . . . . . . . . . . . . . . Crushed 4 | . 1 . . . 2 1 . . . . . . . . . . . . Highest Temperature 563 | . 12 28 . . 126 209 77 271 . . 20 197 182 239 184 258 240 563 Average Temperature 74 | . 8 12 . . 29 36 45 81 . . 8 51 88 123 80 135 75 189 Received Heat Transfer 1964 | . 63 75 . . 207 534 45 . . . 242 171 54 27 150 54 18 324 Effects 5 | . . . . . . . . . . . . . . . . . . 5 Shutdowns 1 | . . . . . . . . . . . . . . . . . . 1 Energy Bleed 1 | . . . . . . . . . . . . . . . . . . 1 Matter Decay 2 | . . . . . . . . . . . . . . . . . . 2 Damage (core) 1 | . . . . . . . . . . . . . . . . . . 1 Siege Activations 5 | . . . . . . . . . . . . . . . . . . 5 Total Turns 147 | . . . . . . . . . . . . . . . . . . 147 Longest Duration 52 | . . . . . . . . . . . . . . . . . . 52 Robots Corrupted 4 | . . . . . . . . . . . . . 3 . . . 1 . Combat Hostiles 4 | . . . . . . . . . . . . . 3 . . . 1 . Parts Fried 11 | . . . . . . . . . . . . . 5 . . . 5 1 Impact Corruptions 1 | . . . . . . . . . . . . . 1 . . . . . Robots Melted 1 | . . . . . . . . . . . . . . . . . . 1 Combat Hostiles 1 | . . . . . . . . . . . . . . . . . . 1 Parts Melted 3 | . . . . . . . . . . . . . 1 . . . 1 1 Heat Transferred 1806 | . . . . . . . . . . . . 111 124 . . . 300 1271 Parts Sabotaged . | . . . . . . . . . . . . . . . . . . . Parts Stolen 1 | . . . . . . . . 1 . . . . . . . . . . Parts Stripped . | . . . . . . . . . . . . . . . . . . . Power Chain Reactions 5 | . . . . . . . . . . . . . 1 . . . 3 1 Missiles Intercepted . | . . . . . . . . . . . . . . . . . . . Latent Energy Used 640 | . . . . . . . . . . . . . . . . . 640 . LE Corruption 17 | . . . . . . . . . . . . . . . . . 17 . Alert | -11 -10 -10 -10 -9 -8 -7 -7 -7 -7 -6 -6 -5 -4 -3 -3 -2 -2 -1 ------- Run | Jun Mat Min Exi Min Mat Fac Low Low Dat Pro Fac Fac Fac Res Qua Res Tes Acc Peak Influence 720 | 10 125 70 . . 224 170 . . . . 170 113 720 322 458 377 526 421 Initial 315 | . 6 5 . . . 74 . . . . . 14 55 243 141 246 120 315 Average 133 | 3 57 34 . . 107 45 . . . . 41 34 314 242 174 270 333 327 Maximum Alert Level 3 | . . . . . 1 . . . . . . . 3 1 2 1 2 2 Low Security (%) 72 | 100 100 100 . 100 87 100 . . . . 100 100 22 23 71 2 22 2 Level 1 21 | . . . . . 12 . . . . . . . 31 76 22 97 42 89 Level 2 6 | . . . . . . . . . . . . . 42 . 5 . 34 7 Level 3 . | . . . . . . . . . . . . . 3 . . . . . Level 4 . | . . . . . . . . . . . . . . . . . . . Level 5 . | . . . . . . . . . . . . . . . . . . . High Security . | . . . . . . . . . . . . . . . . . . . Max Security . | . . . . . . . . . . . . . . . . . . . Squads Dispatched 45 | . 2 . . . . 9 . . . . 6 6 7 2 4 2 4 3 Investigation 7 | . 1 . . . . 1 . . . . 1 2 . 1 . . 1 . Extermination 16 | . . . . . . 2 . . . . 2 3 2 1 3 . 1 2 Reinforcement 17 | . 1 . . . . 3 . . . . 3 1 4 . 1 1 2 1 Assault 2 | . . . . . . . . . . . . . 1 . . 1 . . Garrison 3 | . . . . . . 3 . . . . . . . . . . . . Intercept . | . . . . . . . . . . . . . . . . . . . Searches Triggered . | . . . . . . . . . . . . . . . . . . . Data Miner Redirects 3 | . . . . . . . . . . . . . . 1 . 1 1 . Construction Impeded 2 | . . . . . . . . . . . . . 2 . . . . . Haulers Reinforced . | . . . . . . . . . . . . . . . . . . . Active Scanning Responses . | . . . . . . . . . . . . . . . . . . . Cargo Convoy Interrupts 1 | . . . . . . 1 . . . . . . . . . . . . Stealth | -11 -10 -10 -10 -9 -8 -7 -7 -7 -7 -6 -6 -5 -4 -3 -3 -2 -2 -1 --------- Run | Jun Mat Min Exi Min Mat Fac Low Low Dat Pro Fac Fac Fac Res Qua Res Tes Acc Distress Signals 8 | . . . . . 3 1 . . . . . . . 1 . . 1 2 Communications Jammed 3 | . . . . . . . . . . . . . . 1 . . 2 . Distress Signals 2 | . . . . . . . . . . . . . . . . . 2 . Times Spotted 209 | . 10 3 . . 21 29 8 1 . . 11 9 31 13 21 8 24 20 Peak Tracking Total 9 | . 4 2 . . 6 4 4 1 . . 7 3 7 7 4 6 9 5 Tactical Retreats 12 | . . 1 . . . 2 . . . . 1 . 2 3 . 2 . 1 Traps | -11 -10 -10 -10 -9 -8 -7 -7 -7 -7 -6 -6 -5 -4 -3 -3 -2 -2 -1 ------- Run | Jun Mat Min Exi Min Mat Fac Low Low Dat Pro Fac Fac Fac Res Qua Res Tes Acc Traps Triggered 7 | . 1 . . . 1 2 . . . . 1 . . . . 1 1 . Indirectly 1 | . . . . . . . . . . . . . . . . . 1 . Trap Hack Attempts . | . . . . . . . . . . . . . . . . . . . Triggered . | . . . . . . . . . . . . . . . . . . . Disarmed . | . . . . . . . . . . . . . . . . . . . Reprogrammed . | . . . . . . . . . . . . . . . . . . . Reused . | . . . . . . . . . . . . . . . . . . . Traps Extracted . | . . . . . . . . . . . . . . . . . . . Installed . | . . . . . . . . . . . . . . . . . . . Triggered 2 | . . . . . . 2 . . . . . . . . . . . . Machines | -11 -10 -10 -10 -9 -8 -7 -7 -7 -7 -6 -6 -5 -4 -3 -3 -2 -2 -1 ---------- Run | Jun Mat Min Exi Min Mat Fac Low Low Dat Pro Fac Fac Fac Res Qua Res Tes Acc Machines Disabled 21 | . . . . . 1 . . . . . 1 . 12 . 6 . . 1 Max in Single Turn 4 | . . . . . 1 . . . . . 1 . 4 . 1 . . 1 Garrison Access 5 | . . . . . 1 1 . . . . . . 2 . . 1 . . Machines Repaired . | . . . . . . . . . . . . . . . . . . . Machines Sabotaged . | . . . . . . . . . . . . . . . . . . . Overloaded Fab Kills . | . . . . . . . . . . . . . . . . . . . Hacking | -11 -10 -10 -10 -9 -8 -7 -7 -7 -7 -6 -6 -5 -4 -3 -3 -2 -2 -1 --------- Run | Jun Mat Min Exi Min Mat Fac Low Low Dat Pro Fac Fac Fac Res Qua Res Tes Acc Machines Accessed 55 | . 3 . 1 . 6 6 . . 4 . 5 4 4 4 12 4 1 1 Terminals 32 | . 3 . . . 5 3 . . . . 1 1 2 2 10 4 . 1 Fabricators 5 | . . . . . . 1 . . . . 1 2 . 1 . . . . Repair Stations 3 | . . . . . . 1 . . . . 1 . . . 1 . . . Recycling Units 3 | . . . . . . . . . . . 2 1 . . . . . . Scanalyzers 2 | . . . . . . . . . . . . . . . 1 . 1 . Garrison Access 5 | . . . . . 1 1 . . . . . . 2 1 . . . . Total Hacks 156 | . 13 . 1 . 19 18 . . 30 . 10 8 9 6 33 6 1 2 Successful 94 | . 4 . 1 . 13 11 . . 30 . 7 6 4 2 15 1 . . Failed 61 | . 9 . . . 5 7 . . . . 3 2 5 4 18 5 1 2 Catastrophic 14 | . 2 . . . . 1 . . . . . 1 1 2 4 1 1 1 Database Lockouts 1 | . . . . . 1 . . . . . . . . . . . . . Manual 76 | . 13 . 1 . 17 7 . . . . 2 2 4 1 21 5 1 2 Terminals 88 | . 13 . . . 18 8 . . . . 2 2 5 2 30 6 . 2 Fabricators 13 | . . . . . . 4 . . . . 2 4 . 3 . . . . Repair Stations 8 | . . . . . . 5 . . . . 2 . . . 1 . . . Recycling Units 6 | . . . . . . . . . . . 4 2 . . . . . . Scanalyzers 3 | . . . . . . . . . . . . . . . 2 . 1 . Garrison Access 7 | . . . . . 1 1 . . . . . . 4 1 . . . . Terminal Hacks 55 | . 2 . 1 . 7 2 . . 30 . . . 2 1 9 1 . . Record 13 | . . . . . . . . . 11 . . . . . 2 . . . Part Schematic 16 | . . . . . 4 1 . . 11 . . . . . . . . . Robot Schematic 5 | . . . . . . . . . 5 . . . . . . . . . Robot Analysis 1 | . 1 . . . . . . . . . . . . . . . . . Prototype ID Bank 5 | . . . . . 2 . . . 3 . . . . . . . . . Open Door 1 | . . . . . . . . . . . . . . . 1 . . . Level Access Points 1 | . . . . . 1 . . . . . . . . . . . . . Branch Access Points 4 | . 1 . . . . . . . . . . . . 1 1 1 . . Emergency Access Points 1 | . . . . . . . . . . . . . . . 1 . . . Fabricator Index 1 | . . . . . . 1 . . . . . . . . . . . . Alert Level 3 | . . . . . . . . . . . . . 1 . 2 . . . Unreport Threat 3 | . . . . . . . . . . . . . 1 . 2 . . . EX-Prototype ID Bank 1 | . . . 1 . . . . . . . . . . . . . . . Fabricator Hacks 11 | . . . . . . 4 . . . . 2 4 . 1 . . . . Network Status 2 | . . . . . . 1 . . . . . . . 1 . . . . Load Schematic 5 | . . . . . . 2 . . . . 1 2 . . . . . . Build 4 | . . . . . . 1 . . . . 1 2 . . . . . . Repair Station Hacks 6 | . . . . . . 4 . . . . 2 . . . . . . . Scan Component 3 | . . . . . . 2 . . . . 1 . . . . . . . Repair 3 | . . . . . . 2 . . . . 1 . . . . . . . Recycling Unit Hacks 4 | . . . . . . . . . . . 3 1 . . . . . . Report Inventory 3 | . . . . . . . . . . . 2 1 . . . . . . Retrieve Components 1 | . . . . . . . . . . . 1 . . . . . . . Scanalyzer . | . . . . . . . . . . . . . . . . . . . Garrison Access Hacks 4 | . . . . . 1 1 . . . . . . 2 . . . . . Seal Access 4 | . . . . . 1 1 . . . . . . 2 . . . . . Unauthorized Hacks 14 | . 2 . . . 5 . . . . . . 1 . . 6 . . . Terminals 13 | . 2 . . . 5 . . . . . . 1 . . 5 . . . Botnet 13 | . 2 . . . 5 . . . . . . 1 . . 5 . . . Fabricators . | . . . . . . . . . . . . . . . . . . . Repair Stations . | . . . . . . . . . . . . . . . . . . . Recycling Units . | . . . . . . . . . . . . . . . . . . . Scanalyzers 1 | . . . . . . . . . . . . . . . 1 . . . Researchers 1 | . . . . . . . . . . . . . . . 1 . . . Garrison Access . | . . . . . . . . . . . . . . . . . . . Data Cores Recovered . | . . . . . . . . . . . . . . . . . . . Used . | . . . . . . . . . . . . . . . . . . . Hacking Detections 43 | . 3 . . . 4 5 . . . . 5 4 2 4 10 4 1 1 Full Trace Events 6 | . 1 . . . . 1 . . . . 1 2 . 1 . . . . Feedback Events 1 | . . . . . . . . . . . . . . 1 . . . . Corruption 1 | . . . . . . . . . . . . . . 1 . . . . Feedback Blocked . | . . . . . . . . . . . . . . . . . . . Robot Schematics Acquired 5 | . . . . . . . . . 5 . . . . . . . . . Robots Built . | . . . . . . . . . . . . . . . . . . . Authchips . | . . . . . . . . . . . . . . . . . . . Time . | . . . . . . . . . . . . . . . . . . . Total Robot Build Rating . | . . . . . . . . . . . . . . . . . . . Part Schematics Acquired 16 | . . . . . 4 1 . . 11 . . . . . . . . . Parts Built 8 | . . . . . . 2 . . . . 2 4 . . . . . . Authchips 1 | . . . . . . 1 . . . . . . . . . . . . Time 316 | . . . . . . 84 . . . . 106 126 . . . . . . Total Part Build Rating 38 | . . . . . . 8 . . . . 12 18 . . . . . . Parts Repaired 3 | . . . . . . 2 . . . . 1 . . . . . . . Time 89 | . . . . . . 76 . . . . 13 . . . . . . . Parts Recycled . | . . . . . . . . . . . . . . . . . . . Recycled Matter . | . . . . . . . . . . . . . . . . . . . Retrieved Matter . | . . . . . . . . . . . . . . . . . . . Retrieved Components 3 | . . . . . . . . . . . 3 . . . . . . . Parts Scanalyzed . | . . . . . . . . . . . . . . . . . . . Part Schematics Acquired . | . . . . . . . . . . . . . . . . . . . Parts Damaged . | . . . . . . . . . . . . . . . . . . . Bothacking | -11 -10 -10 -10 -9 -8 -7 -7 -7 -7 -6 -6 -5 -4 -3 -3 -2 -2 -1 ------------ Run | Jun Mat Min Exi Min Mat Fac Low Low Dat Pro Fac Fac Fac Res Qua Res Tes Acc Used RIF Installer . | . . . . . . . . . . . . . . . . . . . Robots Hacked . | . . . . . . . . . . . . . . . . . . . Non-combat . | . . . . . . . . . . . . . . . . . . . Combat . | . . . . . . . . . . . . . . . . . . . Robot Hacks Applied . | . . . . . . . . . . . . . . . . . . . Relay Couplers Released 1 | . . . . . . . . . . . . . . . . 1 . . Machine Destruction 1 | . . . . . . . . . . . . . . . . 1 . . Fabnet Peak Effective % . | . . . . . . . . . . . . . . . . . . . Robots Rewired . | . . . . . . . . . . . . . . . . . . . Allies Hacked 3 | . . . . . . . . . . . . . . . 3 . . . Hacks Repelled . | . . . . . . . . . . . . . . . . . . . Allies | -11 -10 -10 -10 -9 -8 -7 -7 -7 -7 -6 -6 -5 -4 -3 -3 -2 -2 -1 -------- Run | Jun Mat Min Exi Min Mat Fac Low Low Dat Pro Fac Fac Fac Res Qua Res Tes Acc Total Allies 5 | . . . . 1 . 1 . . . . . . . . 3 . . . Largest Group 3 | . . . . 1 1 1 1 1 1 1 1 . . . 3 . . . Highest-Rated Group 327 | . . . . 31 31 90 90 90 90 90 90 . . . 327 . . . Highest-Rated Ally 109 | . . . . 31 31 90 90 90 90 90 90 . . . 109 . . . Total Orders 2 | . . . . . . . . . . . . . . . 2 . . . STAY 1 | . . . . . . . . . . . . . . . 1 . . . FOLLOW 1 | . . . . . . . . . . . . . . . 1 . . . Ally Attacks 90 | . . . . . 18 1 11 4 . . 1 . . . 55 . . . Total Damage 2658 | . . . . . 168 56 492 158 . . . . . . 1784 . . . Kills 18 | . . . . . 3 . 6 1 . . . . . . 8 . . . Allies Corrupted . | . . . . . . . . . . . . . . . . . . . Allies Melted . | . . . . . . . . . . . . . . . . . . . Field Lobotomies 4 | . . . . . . 1 . . . . . . . . 3 . . . Intel | -11 -10 -10 -10 -9 -8 -7 -7 -7 -7 -6 -6 -5 -4 -3 -3 -2 -2 -1 ------- Run | Jun Mat Min Exi Min Mat Fac Low Low Dat Pro Fac Fac Fac Res Qua Res Tes Acc Robot Analysis Total 1 | . 1 . . . . . . . . . . . . . . . . . Derelict Logs Recovered 2 | . . . . . . . . 1 . 1 . . . . . . . . Drone Launches . | . . . . . . . . . . . . . . . . . . . Drone Recoveries . | . . . . . . . . . . . . . . . . . . . Exploration | -11 -10 -10 -10 -9 -8 -7 -7 -7 -7 -6 -6 -5 -4 -3 -3 -2 -2 -1 ------------- Run | Jun Mat Min Exi Min Mat Fac Low Low Dat Pro Fac Fac Fac Res Qua Res Tes Acc Turns Passed 14591 | 132 491 169 393 71 1179 2232 503 688 159 754 1791 1540 1152 594 1024 435 329 955 Spaces Moved 7646 | 66 255 80 230 28 530 1111 252 354 92 439 743 573 602 401 703 623 211 353 Core 125 | 13 . . . . . . . . . . . . . . . . 87 25 Treads 5248 | 53 255 80 230 28 530 1111 252 354 92 439 743 573 190 . . . . 318 Legs . | . . . . . . . . . . . . . . . . . . . Wheels 701 | . . . . . . . . . . . . . 412 274 15 . . . Hover 1562 | . . . . . . . . . . . . . . 127 688 623 124 . Flight 10 | . . . . . . . . . . . . . . . . . . 10 Fastest Speed 32 | 50 160 160 160 240 160 160 165 165 165 165 165 163 111 108 102 40 40 32 Average Speed 143 | 155 160 160 169 240 166 160 165 168 165 165 165 163 132 114 121 62 79 149 Slowest Speed 800 | 250 160 160 240 240 240 240 165 246 165 165 165 164 170 176 301 100 800 160 Overloaded Moves . | . . . . . . . . . . . . . . . . . . . Propulsion Burnouts . | . . . . . . . . . . . . . . . . . . . Robots Hopped . | . . . . . . . . . . . . . . . . . . . Cave-ins Triggered . | . . . . . . . . . . . . . . . . . . . Exploration Rate (%) 31 | 5 50 13 61 12 48 18 43 48 70 55 18 15 21 8 46 21 33 11 Regions Visited 18 Branch Regions 9 Pre-discovered Areas 1 | . . . . . . . . . 1 . . . . . . . . . Known Exits Taken 13 | . 1 . . . 1 1 1 1 1 1 1 1 1 1 1 1 . . Unknown Exits Taken 5 | 1 . 1 1 1 . . . . . . . . . . . . 1 . Scrap Searched 5 | . . . . . . . . 1 . 4 . . . . . . . . Spaces Dug 31 | . . . . . . 4 1 3 . 1 8 5 3 3 3 . . . Terrain Destroyed 340 | . . . . . . 4 1 3 . 1 8 9 127 3 57 . 110 17 Melee 25 | . . . . . . 4 1 3 . 1 8 . 2 3 3 . . . Projectile 48 | . . . . . . . . . . . . 9 30 . . . . 9 AOE 267 | . . . . . . . . . . . . . 95 . 54 . 110 8 Terrain Rammed . | . . . . . . . . . . . . . . . . . . . Walls Destroyed . | . . . . . . . . . . . . . . . . . . . Machines Disabled . | . . . . . . . . . . . . . . . . . . . Actions | -11 -10 -10 -10 -9 -8 -7 -7 -7 -7 -6 -6 -5 -4 -3 -3 -2 -2 -1 --------- Run | Jun Mat Min Exi Min Mat Fac Low Low Dat Pro Fac Fac Fac Res Qua Res Tes Acc Total 10386 | 85 301 101 234 33 760 1446 322 429 98 470 1229 1112 818 503 813 653 340 639 Wait 1630 | 2 6 11 . 5 117 204 53 59 . 20 366 440 97 48 20 4 55 123 Move 7628 | 65 254 79 229 27 529 1110 251 353 91 438 742 572 601 400 702 622 210 353 Hop . | . . . . . . . . . . . . . . . . . . . Pick Up 107 | 7 9 . 3 1 18 10 . . . 5 15 10 8 5 7 4 . 5 Fast Attach 101 | 7 1 . . . 4 7 . 1 2 . 7 8 9 10 13 7 5 20 Attach 47 | . . . . . 4 6 . 1 . . 7 3 10 3 1 3 2 7 Detach 6 | . 1 . . . . . . . . . . . 1 . . . 3 1 Swap 135 | . 1 . 1 . 11 27 7 3 3 2 20 18 20 7 12 1 2 . Drop 125 | . 5 . 1 . 23 12 . . 2 4 18 18 1 10 18 2 4 7 Fire 345 | 4 21 11 . . 50 45 10 9 . . 4 42 67 . 5 . 15 62 Melee 154 | . . . . . . 24 1 3 . 1 50 . 3 20 33 9 10 . Ram 42 | . . . . . . . . . . . . . . . . 1 1 40 Kick . | . . . . . . . . . . . . . . . . . . . Crush 31 | . 3 . . . 4 1 . . . . . 1 1 . . . . 21 Escape Stasis 33 | . . . . . . . . . . . . . . . . . 33 . Rewire 2 | . . . . . . . . . . . . . . . 2 . . . Trap . | . . . . . . . . . . . . . . . . . . . Miscellaneous . | . . . . . . . . . . . . . . . . . . . Route ------- -11/Junkyard -10/Materials (discovered 2 exits: [*Mat] / *Min) -10/Mines -10/Exiles -9/Mines -8/Materials (discovered 3 exits: *Fac x3) -7/Factory (discovered 3 exits: *Fac / *Sto / *Low) -7/Lower Caves -7/Lower Caves -7/Data Miner -6/Proximity Caves -6/Factory (discovered 2 exits: *Fac / *Low) -5/Factory -4/Factory -3/Research (discovered 3 exits: *Res / *Qua x2) -3/Quarantine -2/Research (discovered 2 exits: *Tes x2) -2/Testing -1/Access History --------- Turn | Location | Event 35 | -11/Junkyard | Discovered new exit (range 16) 133 | -11/Junkyard | Entered Materials 311 | -10/Materials | Build established: Mutant 356 | -10/Materials | Identified exit to Mines 501 | -10/Materials | Discovered new exit (range 16) 624 | -10/Materials | Entered Mines 785 | -10/Mines | Deemed a non-threat by the Exiles lab entrance 786 | -10/Mines | Discovered new exit (range 5) 793 | -10/Mines | Entered Exiles 833 | -10/Exiles | Met 8R-AWN 861 | -10/Exiles | Met EX-HEX 905 | -10/Exiles | Met EX-BIN 923 | -10/Exiles | Aligned with FarCom system 925 | -10/Exiles | Given EX-Vault access code 963 | -10/Exiles | Opened EX-Vault 974 | -10/Exiles | Found Field Lobotomy Kit 982 | -10/Exiles | Found Latent Energy Streamer 1016 | -10/Exiles | Warned to stay clear of 0b10 Research branches 1030 | -10/Exiles | Exiles lab attacked by MAIN.C 1167 | -10/Exiles | Discovered new exit (range 10) 1186 | -10/Exiles | Stole two prototypes: Field Lobotomy Kit, Latent Energy Streamer 1186 | -10/Exiles | Entered Mines 1189 | -9/Mines | Received a Mining Laser from a helpful Derelict 1229 | -9/Mines | Discovered new exit (range 15) 1257 | -9/Mines | Entered Materials 1257 | -8/Materials | Accompanied by 1 ally 1257 | -8/Materials | Evolved 4 slots: Propulsion x2, Utility x2 1309 | -8/Materials | Central database locked down 1482 | -8/Materials | Identified exit to Factory 2105 | -8/Materials | Build established: Scavenger-Mutant 2436 | -8/Materials | Entered Factory 2436 | -7/Factory | Evolved 2 slots: Utility x2 2438 | -7/Factory | FarCom data flow suspended 2733 | -7/Factory | Build established: Scavenger-Skirmisher 2790 | -7/Factory | Discovered new exit (range 14) 2822 | -7/Factory | Identified exit to Storage 3118 | -7/Factory | Garrison activated, responded to threat 3222 | -7/Factory | Discovered new exit (range 15) 3247 | -7/Factory | Identified exit to Lower Caves 3464 | -7/Factory | Discovered new exit (range 16) 3524 | -7/Factory | Identified exit to Factory 3914 | -7/Factory | Cargo convoy interrupted 4033 | -7/Factory | Lost 3 parts (2n1w) 4073 | -7/Factory | Repaired Lgt. Treads 4220 | -7/Factory | Fabricated Powered Armor (x2) 4357 | -7/Factory | Repaired Lgt. Angular Momentum Engine 4636 | -7/Factory | Build established: Scavenger-Mutant 4659 | -7/Factory | Assimilated H-61 Shepherd with FLK Orb 4668 | -7/Factory | Entered Lower Caves 4668 | -7/Lower Caves | Accompanied by 1 ally 4992 | -7/Lower Caves | Build established: Scavenger-Skirmisher 5142 | -7/Lower Caves | Discovered new exit (range 16) 5165 | -7/Lower Caves | Identified exit to Lower Caves 5171 | -7/Lower Caves | Entered another Lower Caves area 5171 | -7/Lower Caves | Accompanied by 1 ally 5537 | -7/Lower Caves | Learned Factory emergency access door positions 5848 | -7/Lower Caves | Discovered new exit (range 3) 5851 | -7/Lower Caves | Identified exit to Data Miner 5859 | -7/Lower Caves | Entered Data Miner 5859 | -7/Data Miner | Accompanied by 1 ally 5859 | -7/Data Miner | Discovered new exit (range 6) 5892 | -7/Data Miner | Met Data Miner 5926 | -7/Data Miner | Learned location of Section 7 (-3) 5926 | -7/Data Miner | Acquired the access code to Warlord's prototype stash 5951 | -7/Data Miner | Received God Mode back door access code from Data Miner 6012 | -7/Data Miner | Identified exit to Proximity Caves 6018 | -7/Data Miner | Entered Proximity Caves 6018 | -6/Proximity Caves | Accompanied by 1 ally 6161 | -6/Proximity Caves | Build established: Scavenger-Mutant 6504 | -6/Proximity Caves | Learned Factory emergency access door positions 6556 | -6/Proximity Caves | Discovered exit to Factory (range 13) 6606 | -6/Proximity Caves | Received a Behemoth hack from an annoying Tinkerer 6772 | -6/Proximity Caves | Entered Factory 6772 | -6/Factory | Accompanied by 1 ally 6772 | -6/Factory | Evolved 2 slots: Utility x2 7077 | -6/Factory | Build established: Scavenger-Assassin 7604 | -6/Factory | Repaired Lgt. Treads 7671 | -6/Factory | Fabricated KE Penetrator? 8333 | -6/Factory | Discovered new exit (range 4) 8339 | -6/Factory | Identified exit to Factory 8343 | -6/Factory | Build established: Scavenger-Mutant 8475 | -6/Factory | Discovered new exit (range 16) 8499 | -6/Factory | Identified exit to Lower Caves 8563 | -6/Factory | Entered another Factory area 8563 | -5/Factory | Evolved 2 slots: Propulsion x2 8737 | -5/Factory | Build established: Scavenger-Skirmisher 8756 | -5/Factory | Fabricated KE Penetrator? 9589 | -5/Factory | Build established: Scavenger-Mutant 9797 | -5/Factory | Fabricated Imp. Signal Interpreter? 9928 | -5/Factory | Discovered new exit (range 19) 10083 | -5/Factory | Identified exit to Factory 10103 | -5/Factory | Entered another Factory area 10103 | -4/Factory | Evolved 2 slots: Power x1, Weapon x1 10689 | -4/Factory | Lost 10 parts (5n5u) 10725 | -4/Factory | System corruption reached 10% 10730 | -4/Factory | Lost 3 parts (3w) 10996 | -4/Factory | Found Prototype Slashing Weapon 10996 | -4/Factory | Identified Molecular Scythe 11007 | -4/Factory | Found Molecular Scythe 11103 | -4/Factory | First assault squad dispatched 11196 | -4/Factory | Discovered new exit (range 15) 11211 | -4/Factory | Identified exit to Research 11255 | -4/Factory | Entered Research 11255 | -3/Research | Evolved 2 slots: Utility x2 11396 | -3/Research | Incoming investigation squad redirected 11724 | -3/Research | Spotted B-86 Titan 11796 | -3/Research | Identified exit to Quarantine 11816 | -3/Research | Discovered new exit (range 11) 11849 | -3/Research | Entered Quarantine 11948 | -3/Quarantine | Build established: Scavenger-Assassin 12082 | -3/Quarantine | Found Fusion Bomb Launcher 12213 | -3/Quarantine | Lost 3 parts (3n) 12401 | -3/Quarantine | Met incapacitated Sigix Warrior 12401 | -3/Quarantine | Lockdown squad dispatched 12404 | -3/Quarantine | Acquired the access code to the Sigix quarantine chamber 12407 | -3/Quarantine | Unlocked Sigix quarantine chamber 12457 | -3/Quarantine | Spotted Lightning 12470 | -3/Quarantine | Spotted Lightning 12473 | -3/Quarantine | Spotted Lightning 12474 | -3/Quarantine | Assimilated Lightning with FLK Orb 12482 | -3/Quarantine | Assimilated Lightning with FLK Orb 12487 | -3/Quarantine | Assimilated Lightning with FLK Orb 12493 | -3/Quarantine | Allies destroyed Lightning 12684 | -3/Quarantine | Discovered new exit (range 15) 12692 | -3/Quarantine | System corruption reached 10% 12790 | -3/Quarantine | Found Alien Artifact 12790 | -3/Quarantine | Identified Subatomic Replicator 12817 | -3/Quarantine | Identified exit to Research 12865 | -3/Quarantine | P-80 Master assimilated allied Lightning 12873 | -3/Quarantine | Entered Research 12873 | -2/Research | Evolved 2 slots: Propulsion x2 13034 | -2/Research | Spotted B-90 Cyclops 13045 | -2/Research | Incoming assault squad redirected 13171 | -2/Research | Build established: Mutant 13209 | -2/Research | Found Prototype Hackware 13209 | -2/Research | Identified Exp. Hacking Suite 13215 | -2/Research | Identified exit to Testing 13308 | -2/Research | Entered Testing 13323 | -2/Testing | Found Prototype Processor 13323 | -2/Testing | Identified Exp. Core Analyzer 13405 | -2/Testing | Incoming investigation squad redirected 13439 | -2/Testing | Scanned by Researcher 13503 | -2/Testing | System corruption reached 10% 13576 | -2/Testing | Lost 11 parts (1p5n4u1w) 13595 | -2/Testing | Released all parts (7) 13633 | -2/Testing | Discovered new exit (range 8) 13637 | -2/Testing | Entered Access 13637 | -1/Access | Evolved 2 slots: Propulsion x2 13765 | -1/Access | Found Prototype Device 13765 | -1/Access | Identified Thermal Barrier 14464 | -1/Access | Build established: Scavenger-Tank 14559 | -1/Access | Core integrity fell below 50% 14579 | -1/Access | Core integrity fell below 20% 14592 | -1/Access | Destroyed by Q787-a with Multirail Last Messages --------------- 14581_ Slammed into Q787-a. 14583_ U-05 Engineer lays Concrete. 14583_ Slug penetrates Wall. 14583_ Slammed into Q787-a. 14584_ U-05 Engineer lays Concrete. 14584_ Slammed into Q787-a. 14585_ U-05 Engineer lays Concrete. 14585_ Penetrated by Slug. 14585_ Slug penetrates Wall. 14585_ Penetrated by Slug. 14585_ Slug penetrates Wall. 14585_ Slammed into Q787-a. 14586_ U-05 Engineer builds a Wall. 14586_ Slammed into Q787-a. 14589_ Penetrated by Slug. 14590_ Slammed into Q787-a. 14590_ U-05 Engineer lays Concrete. 14591_ Slammed into Q787-a. 14591_ U-05 Engineer lays Concrete. 14592_ Penetrated by Slug. Map ----- +----------------------------------------------------+ | | | | | | | | | ?????????????????????????????????????????????????? | | ?????????????????????????????????????????????????? | | ?????????????????????????????????????????????????? | | ?????????????????????????????????????????????????? | | ????????????????????????????????????????????????## | | ????????????????????????????????#####???????####"# | | ????????????????????????????????# ######### + | | ????????????????????????????????# """T""" ## | | ????????????????????????????????+ ^ """ """ ## | | ????????????????????????????????# ^ ## | | ????????????????????????????????# ## | | ??????????????????????########### # | | ?????????????????????## ## # | | ?????????????????????## ## + | | ?????????????????????# ## # | | ?????????????????????## # # | | ????????????????????### %==% ######### | | ????????????????????# %%%!|#%% #???????? | | ????????????????????# %%%%%u/=%! #???????? | | ??????????????????### %%%%%%#%*% ##??????? | | ??????????????????# Q%%%=%# !%% "#??????? | | ?????????????????##### #%@%%%!%#%%!########??????? | | ################## "############%% #????###??????? | | # + % #%#??# #? ? ??????? | | # # ###??# #? ??????? | | # " # %! "" #????# #? """??????? | | # """ # [ "" #????# #? """??????? | | # """ # "" #????# # """??????? | | # " # S #??### # """"" ??? | | # # % "" #?## # # """"" #? | | # # "" #### # # #? | | # # "" ## # # # #? | | # # ### ## # % #? | | # " #### # # #? | | # # = ## ## # #? | | ###+##/#############+####### # # # ########+### | | ^ | | | | ^ | | ^ | | ^ | | ^% | | % %^ % | | ####################++###"###############+######+? | | ???????????????? #?????????????????????? | | ????????????# #?????????????????????? | +----------------------------------------------------+ Best States ------------- Heat Dissipation 97 Energy Generation 45 Energy Capacity 590 Matter Stores 300 Matter Capacity 300 Sight Range 20 Robot Scan Range 18 Terrain Scan Range 20 Terrain Scan Density 210 Jamming Range 16 Armor Coverage 800 Resistance: TH 50 Weapon Cycling 20 Evasion (%) 57 Targeting Accuracy 5 Melee Accuracy 8 Target Analysis 6 Core Analysis 6 Recoil Reduction 9 Kinecelleration 30 Offensive Hacking 30 Defensive Hacking 10 Authchip Count 2 Item Schematics ----------------- Imp. Sensor Array | -8/Materials | Hacked Imp. Signal Interpreter | -8/Materials | Hacked Terrain Scan Processor | -8/Materials | Hacked Adv. Targeting Computer | -8/Materials | Hacked Powered Armor | -7/Factory | Hacked Combat Drone Bay | -7/Data Miner | Free Lgt. Regenerative Plating | -7/Data Miner | Free Cld. Aerolev Unit | -7/Data Miner | Free Thermal Defense Suite | -7/Data Miner | Free Imp. Heavy Laser | -7/Data Miner | Free Nuclear Pulse Array | -7/Data Miner | Free Imp. Focal Shield | -7/Data Miner | Free Imp. Arc Projector | -7/Data Miner | Free KE Penetrator | -7/Data Miner | Free Lgt. Antimatter Reactor | -7/Data Miner | Free Imp. Remote Shield | -7/Data Miner | Free Robot Schematics ------------------ H-55 Commando | -7/Data Miner | Free G-50 Soldier | -7/Data Miner | Free O-24 Administrator | -7/Data Miner | Free R-10 Processor | -7/Data Miner | Free Y-64 Sentinel | -7/Data Miner | Free Fabricated ------------ Powered Armor | x2 | -7/Factory | Authchip KE Penetrator | x2 | -6/Factory KE Penetrator | x2 | -5/Factory Imp. Signal Interpreter | x2 | -5/Factory Alien Tech Used ----------------- Subatomic Replicator Achievements -------------- None Challenges ------------ None Game ------ Seed ThunderExperimentalBrace Manual? 0 Play Time 01:59:30 Cumulative 143.7 hours Start 2023.06.22 @ 21:45:09 End 2023.06.24 @ 19:25:40 Sessions 7 Manual Loads 0 Difficulty Rogue Special Mode None Game No. 191 Rogue 191 Adventurer 0 Explorer 0 Win Type - Total 2 Types 2/0/0/0/0/0/0/0/0 Lore% 62 Gallery% 69 Achievement% 53 Wizard Run 0 Options --------- ASCII 0 Keyboard 0 Movement Numpad Keybinds 0 Fullscreen 1 Font 18/SmallcapsGlow Map View 76x50 Tactical HUD 1 Map Filters NONE Filters NONE Steam 1 RUN: 8aac753a-ffc0-4435-b0fa-0268969fbc3f